 Dungeon Crawl Stone Soup version 0.23.2-33-g5129a83184 (webtiles) character file.

Game seed: 4561342344602429793

3029 FishyPogo the Skirmisher (level 9, -11/78 HPs)
             Began as a Centaur Skald on Aug 4, 2019.
             Was a Priest of Wu Jian.
             Mangled by Revguard's ghost (27 damage)
             ... on level 7 of the Dungeon.
             The game lasted 00:50:12 (6737 turns).

FishyPogo the Skirmisher (Centaur Skald)            Turns: 6737, Time: 00:50:12

Health: -11/78     AC: 11    Str: 16    XL:     9   Next: 56%
Magic:  0/23       EV:  9    Int: 12    God:    Wu Jian [***...]
Gold:   414        SH:  0    Dex: 10    Spells: 8/15 levels left

rFire    . . .     SeeInvis .   a - +6 long sword
rCold    . . .     Gourm    .   (no shield)
rNeg     + . .     Faith    .   u - +0 ring mail
rPois    .         Spirit   +   y - +0 helmet
rElec    .         Reflect  .   B - +0 cloak
rCorr    .         Harm     .   r - +1 pair of gloves
MR       .....                  (no barding)
Stlth    ..........             f - amulet of guardian spirit
HPRegen  1.23/turn              l - ring of magical power
MPRegen  0.18/turn              I - ring of positive energy

@: infused (expiring), regenerating (expiring), lightly drained, very quick
A: large, hooves 3, deformed body, speed 2, tough skin 3
a: Wall Jump, Serpent's Lash, Renounce Religion


You were on level 7 of the Dungeon.
You worshipped Wu Jian.
Wu Jian was most pleased with you.
You were not hungry.

You visited 1 branch of the dungeon, and saw 7 of its levels.
You also visited: Ossuary.

You collected 414 gold pieces.

Inventory:

Hand Weapons
 a - a +6 long sword (weapon)
Missiles
 k - 43 arrows
 x - 6 needles of paralysis
Armour
 r - a +1 pair of gloves (worn)
 u - a +0 ring mail (worn)
 y - a +0 helmet (worn)
 B - a +0 cloak (worn)
Jewellery
 f - an amulet of guardian spirit (around neck)
 l - a ring of magical power (left hand)
 C - an uncursed ring of wizardry
 I - a ring of positive energy (right hand)
Wands
 H - a wand of flame (15)
Scrolls
 c - 7 scrolls of teleportation
 e - 9 scrolls of remove curse
 j - a scroll of magic mapping
 m - 2 scrolls of random uselessness {unknown}
 o - 2 scrolls of immolation {unknown}
 q - 3 scrolls of identify
 E - a scroll of amnesia {unknown}
Potions
 g - 3 potions of brilliance {unknown}
 h - 2 potions of haste {unknown}
 i - 2 potions of flight {unknown}
 s - 6 potions of curing {unknown}
 v - a potion of berserk rage {unknown}
 w - 4 potions of might
 z - 4 potions of heal wounds {unknown}
 A - 2 potions of agility {unknown}
 D - 2 potions of resistance {unknown}
Comestibles
 d - 16 rations
 n - 5 chunks of flesh


   Skills:
 * Level 6.5(6.4) Fighting
 - Level 2.3 Long Blades
 * Level 4.4 Armour
 - Level 2.0(1.9) Dodging
 - Level 3.0(2.9) Unarmed Combat
 + Level 3.6(3.5) Spellcasting
 * Level 6.0 Charms
 * Level 4.9 Necromancy


You had 8 spell levels left.
You knew the following spells:

 Your Spells              Type           Power        Failure   Level  Hunger
a - Infusion              Chrm           ###.         3%          1    #......
b - Shroud of Golubria    Chrm/Tloc      #.........   19%         2    ##.....
c - Regeneration          Chrm/Necr      ###.......   13%         3    ###....
d - Animate Skeleton      Necr           N/A          5%          1    #......

Your spell library contained the following spells:

 Spells                   Type           Power        Failure   Level  Hunger
 Pain                     Necr           ##..         5%          1    #......
 Song of Slaying          Chrm           ###.....     5%          2    ##.....
 Vampiric Draining        Necr           ##........   17%         3    ###....
 Spectral Weapon          Hex/Chrm       #.......     36%         3    ###....
 Animate Dead             Necr           N/A          50%         4    #####..


Dungeon Overview and Level Annotations

Branches:
Dungeon (7/15)             Temple (0/1) D:7

Altars:
Ashenzari
Cheibriados
Elyvilon
Fedhas
Kikubaaqudgha
Makhleb
Nemelex Xobeh
Ru
Trog
Uskayaw
Wu Jian
Yredelemnul
The Shining One

Shops:
D:4 **[

Annotations:
D:7 4 runed translucent doors, Revguard's ghost, novice TrBe


Innate Abilities, Weirdness & Mutations

You have hooves in place of feet.
Armour fits poorly on your strangely shaped body.
You cover ground very quickly.
You have extremely tough skin. (AC +3)


Message History

Casting: Shroud of Golubria (safe; 19% risk of failure)
Confirm with . or Enter, or press ? or * to list all spells.
Your skin crawls.
Revguard's ghost hits you!
You slash Revguard's ghost! You kick Revguard's ghost.
Revguard's ghost is moderately damaged.
Revguard's ghost hits you.
You hit Revguard's ghost. Your kick misses Revguard's ghost.
Revguard's ghost is moderately damaged.
Your magical infusion is running out.
Revguard's ghost hits you!!
* * * LOW HITPOINT WARNING * * *
You spin and attack Revguard's ghost.
You slash Revguard's ghost! Your kick misses Revguard's ghost.
Revguard's ghost is heavily damaged.
Your skin is crawling a little less now.
Revguard's ghost hits you but does no damage.
You spin and attack Revguard's ghost.
You barely miss Revguard's ghost.
Revguard's ghost is heavily damaged.
Revguard's ghost hits you!!
You die...

#........#
.###..##.#
......##.#
#.....##.# ## ###
#........# #.##.###
#........####...#.#
#........##...≈≈#.##
.......#..##≈.#.'..#
#.........#≈?≈..@..#
#####(....##.[⌠W#=.#
# #.....##≈#..#..#
#.....###≈.##..# #
#.....#######.## #
###.###.......# ####
#.# #......## ...##
#.# #>.....#
.#..###)###.######


You could see Revguard's ghost (pinned).

Vanquished Creatures
  3 hogs (D:7)
  A human (D:7)
  A yak (D:7)
  Edmund (D:5)
  An ice beast (D:5)
  An orc warrior (D:7)
  2 sky beasts
  2 ogres (D:7)
  2 centaurs (D:6)
  2 water moccasin zombies (Ossuary)
  A scorpion (D:6)
  A water moccasin skeleton (D:7)
  A centaur zombie (D:7)
  2 crimson imps (D:6)
  3 hounds
  3 iron imps (D:4)
  6 orc priests
  5 orc wizards
  A bullfrog skeleton (D:6)
  A centaur skeleton (D:5)
  An iguana (D:7)
  5 worker ants
  5 big kobold zombies (Ossuary)
  2 hound zombies
  A hound skeleton (D:7)
  2 mummies (Ossuary)
  A howler monkey zombie (D:6)
  A gnoll (D:7)
  A howler monkey skeleton (D:4)
  6 adders
  3 shadow imps
  2 oozes (D:1)
  An adder skeleton (D:5)
  5 adder zombies
  7 worms
  2 dart slugs (D:1)
  6 leopard geckos
  24 orcs
  6 bats
  5 giant cockroaches
  A gnoll zombie (Ossuary)
  11 hobgoblins
  2 jackals (D:3)
  9 kobolds
  A quokka (D:2)
  2 ball pythons (D:2)
  5 frilled lizards
  5 goblins (D:1)
  7 hobgoblin zombies (Ossuary)
  2 kobold zombies (Ossuary)
  A leopard gecko skeleton (D:7)
  7 orc zombies (Ossuary)
  A quokka zombie (D:7)
  8 rats
188 creatures vanquished.

Vanquished Creatures (collateral kills)
  A wight (D:7)
  A centaur zombie (D:7)
  An orc wizard (D:5)
  An orc (D:7)
  A frilled lizard (D:5)
5 creatures vanquished.

Grand Total: 193 creatures vanquished

Notes
Turn   | Place    | Note
-------+----------+-------------------------------------------
     0 | D:1      | FishyPogo the Centaur Skald began the quest for the Orb.
     0 | D:1      | Reached XP level 1. HP: 17/17 MP: 3/3
   106 | D:1      | Reached XP level 2. HP: 17/24 MP: 0/4
   167 | D:1      | Learned a level 2 spell: Shroud of Golubria
   285 | D:1      | Reached XP level 3. HP: 25/30 MP: 0/5
   452 | D:1      | Reached skill level 1 in Armour
  1086 | D:2      | Reached XP level 4. HP: 8/38 MP: 2/7
  1382 | D:2      | Found an ornate altar of the Wu Jian Council.
  1383 | D:2      | Found a bloodstained altar of Trog.
  1383 | D:2      | Found a hide-covered altar of Uskayaw.
  1383 | D:2      | Found a glowing golden altar of the Shining One.
  1385 | D:2      | Found a snail-covered altar of Cheibriados.
  1385 | D:2      | Found an ancient bone altar of Kikubaaqudgha.
  1385 | D:2      | Found a sparkling altar of Nemelex Xobeh.
  1390 | D:2      | Became a worshipper of the Wu Jian Council
  2070 | D:3      | Learned a level 3 spell: Regeneration
  2186 | D:3      | Reached XP level 5. HP: 45/45 MP: 8/8
  2282 | D:3      | Found a sacrificial altar of Ru.
  2406 | D:3      | Reached * piety under Wu Jian
  2618 | D:4      | Found Utikir's Armour Boutique.
  2830 | D:4      | Found Gykkuore's Assorted Antiques.
  2880 | D:4      | Reached skill level 1 in Necromancy
  3012 | D:4      | Found a burning altar of Makhleb.
  3031 | D:4      | Reached XP level 6. HP: 52/52 MP: 9/9
  3143 | D:4      | Found Nywaqan's Assorted Antiques.
  3231 | D:4      | Found a blossoming altar of Fedhas.
  3527 | D:4      | Learned a level 1 spell: Animate Skeleton
  3573 | D:5      | Entered Level 5 of the Dungeon
  3618 | D:5      | Found a basalt altar of Yredelemnul.
  3781 | D:5      | Noticed an ice beast
  3787 | D:5      | Killed an ice beast
  3787 | D:5      | Reached XP level 7. HP: 52/59 MP: 10/10
  3879 | D:5      | Reached skill level 1 in Unarmed Combat
  3926 | D:5      | Noticed Edmund
  3962 | D:5      | Killed Edmund
  4413 | D:6      | Found a sand-covered staircase.
  4430 | Ossuary  | Entered an ossuary
  4443 | Ossuary  | Reached ** piety under Wu Jian
  4576 | Ossuary  | Reached XP level 8. HP: 62/67 MP: 12/12
  4717 | D:6      | Reached skill level 5 in Fighting
  4985 | D:6      | Reached skill level 5 in Charms
  4988 | D:6      | Found a bloodstained altar of Trog.
  5009 | D:6      | Reached *** piety under Wu Jian
  5184 | D:6      | Found a shattered altar of Ashenzari.
  5577 | D:7      | Reached XP level 9. HP: 31/75 MP: 0/13
  6090 | D:7      | Found a huge runed translucent gate.
  6090 | D:7      | Noticed a death yak
  6090 | D:7      | Noticed a polar bear
  6091 | D:7      | Found a huge runed translucent gate.
  6091 | D:7      | Found a huge runed translucent gate.
  6091 | D:7      | Found a huge runed translucent gate.
  6091 | D:7      | Noticed a polar bear
  6092 | D:7      | Noticed a polar bear
  6092 | D:7      | Noticed a polar bear
  6092 | D:7      | Noticed a manticore
  6109 | D:7      | Found a staircase to the Ecumenical Temple.
  6525 | D:7      | Found a white marble altar of Elyvilon.
  6594 | D:7      | Found a large runed translucent door.
  6594 | D:7      | Found a large runed translucent door.
  6596 | D:7      | Noticed Revguard's ghost (novice TrBe)
  6737 | D:7      | Mangled by Revguard's ghost

Skill      XL: |  1  2  3  4  5  6  7  8  9 |
---------------+----------------------------+-----
Long Blades    | 2 |  2.3
Armour         | 1 2 3 4 |  4.4
Fighting       | 3 4 5 6 |  6.5
Spellcasting   | 2 3 |  3.6
Charms         | 3 4 5 6 |  6.0
Dodging        | 2 |  2.0
Necromancy     | 1 2 3 4 |  4.9
Unarmed Combat | 1 2 3 |  3.0

Action                   |  1- 3 |  4- 6 |  7- 9 || total
-------------------------+-------+-------+-------++-------
Melee: Falchion          |    97 |    82 |       ||   179
       Kick              |    21 |    43 |    99 ||   163
       Mace              |       |   108 |   355 ||   463
       Punch             |       |       |     3 ||     3
       Long sword        |       |       |    70 ||    70
       Flail             |       |       |     1 ||     1
 Cast: Infusion          |     4 |     7 |    16 ||    27
       Shroud of Golubri |     1 |     2 |     6 ||     9
       Regeneration      |       |     2 |    25 ||    27
       Animate Skeleton  |       |     3 |    11 ||    14
Invok: Lunge             |       |    17 |    30 ||    47
       Whirlwind         |       |     1 |    44 ||    45
 Abil: Wall Jump         |       |       |     1 ||     1
  Use: Scroll            |       |       |     7 ||     7
       Potion            |       |       |     2 ||     2
  Eat: Chunk             |       |     8 |    14 ||    22
Armor: Leather armour    |    38 |    29 |       ||    67
       Ring mail         |       |    41 |   237 ||   278
Dodge: Dodged            |    48 |    94 |   199 ||   341
       Rpst.: Falchion   |    19 |    10 |       ||    29
       Long sword        |       |       |     8 ||     8
